AoeStats
← Nawelson

Arabia

510289014Analyzed
1v1 RM · 19h ago on Sep 30, 2026· 47m 40s· 2 players
Game mode
Random Map
Map size
Tiny (2 player)
Population
200
Speed
Normal
Resources
Standard
Victory
Conquest
Starting age
Dark Age
Ending age
Imperial Age
RankedLock teamsTeams togetherTeam positionsShared explorationLock speedFull tech treeHidden civsTurbo modeCheats
Victory
Defeat
🇹🇷 Huns · Türkiye
1661
+15
🇦🇷 Maya · Argentina
1632
-15
Nawelson
0:25 Loom
9:29 Feudal Age
10:06 Double-Bit Axe
11:36 Horse Collar
13:00 Town Watch
15:19 Padded Archer Armor
15:29 Fletching
17:09 Wheelbarrow
25:41 Castle Age
24:07 Gold Mining
25:46 Crossbowman
26:23 Bodkin Arrow
26:44 Bow Saw
29:26 Ballistics
29:27 Eagle Warrior
30:09 Scale Mail Armor
31:10 Chain Mail Armor
31:43 Squires
32:52 Forging
33:56 Thumb Ring
36:11 Hand Cart
36:22 Leather Archer Armor
37:36 Pikeman
42:25 Imperial Age
39:50 Stone Mining
40:29 Heavy Plow
43:08 Bracer
42:57 Arbalester
44:52 Plate Mail Armor
44:39 Elite Skirmisher
46:48 Chemistry
TulparFYNH
6:32 Loom
8:43 Feudal Age
9:19 Double-Bit Axe
9:41 Horse Collar
17:26 Padded Archer Armor
21:04 Castle Age
19:12 Fletching
21:15 Elite Skirmisher
21:54 Bodkin Arrow
22:00 Horse Collar
29:54 Leather Archer Armor
30:28 Bow Saw
32:58 Bloodlines
33:18 Scale Barding Armor
33:49 Wheelbarrow
33:34 Husbandry
34:12 Forging
34:31 Chain Barding Armor
34:56 Heavy Plow
36:01 Forging
36:01 Gold Mining
40:16 Gold Shaft Mining
39:32 Stone Mining
43:16 Imperial Age
41:38 Ballistics
42:04 Hand Cart
41:13 Light Cavalry
44:00 Bracer
45:02 Chemistry
44:36 Conscription
44:53 Plate Barding Armor
Connection lost

Rejoining the realm…

Still unreachable

The connection could not be restored.

Session expired

The server has moved on; the page needs a fresh start.